 Dungeon Crawl Stone Soup version 0.31.0-11-ge490571c62 (webtiles) character file.

Game seed: 4193206390570261172

368 inmateoo the Chopper (level 6, -2/57 HPs)
             Began as a Minotaur Fighter on Feb 2, 2024.
             Incinerated by a bombardier beetle (4 damage)
             ... with a burning spray
             ... on level 4 of the Dungeon.
             The game lasted 00:02:39 (2667 turns).

inmateoo the Chopper (Minotaur Fighter)             Turns: 2667, Time: 00:02:39

Health: -2/57      AC:  8    Str: 23    XL:     6   Next: 41%
Magic:  5/5        EV:  9    Int:  5    God:
Gold:   193        SH:  4    Dex:  9    Spells: 5/5 levels left

rFire   . . .        x - +0 hand axe (elec)
rCold   . . .        c - +0 buckler
rNeg    . . .        b - +0 scale mail
rPois   .            (helmet restricted)
rElec   .            (no cloak)
rCorr   .            v - +0 pair of gloves
SInv    +            (no boots)
Will    .....        j - amulet of the acrobat Stlth
                     u - ring of see invisible
HPRegen 0.29/turn    (no ring)
MPRegen 0.09/turn

%: acrobat
@: on fire, glowing
A: horns 2, retaliatory headbutt
a: no special abilities


You were on level 4 of the Dungeon.
You visited 1 branch of the dungeon, and saw 4 of its levels.

You collected 193 gold pieces.

Inventory:

Hand Weapons
 a - a +0 war axe
 x - a +0 hand axe of electrocution (weapon)
Missiles
 p - 2 throwing nets (quivered)
Armour
 b - a +0 scale mail (worn)
 c - a +0 buckler (worn)
 v - a +0 pair of gloves (worn)
Jewellery
 j - an amulet of the acrobat (around neck)
 u - a ring of see invisible (left hand)
Scrolls
 g - 4 scrolls of enchant weapon {unknown}
 h - a scroll of immolation {unknown}
 k - a scroll of noise {unknown}
 l - a scroll of blinking {unknown}
 n - 3 scrolls of identify {unknown}
 o - a scroll of amnesia {unknown}
 q - a scroll of brand weapon {unknown}
 t - a scroll of butterflies {unknown}
 w - a scroll of silence {unknown}
 y - a scroll of teleportation {unknown}
 z - a scroll of fear {unknown}
Potions
 d - 2 potions of might
 e - 2 potions of enlightenment {unknown}
 f - a potion of brilliance {unknown}
 i - a potion of invisibility {unknown}
 m - 2 potions of heal wounds {unknown}
 r - a potion of ambrosia {unknown}
 s - a potion of mutation {unknown}


   Skills:
 + Level 5.8 Fighting
 * Level 6.9 Axes
 - Level 3.6 Armour
 - Level 3.6 Shields


You had 5 spell levels left.
You didn't know any spells.
Your spell library contained the following spells:

 Spells                   Type           Power      Damage    Failure   Level
 Summon Ice Beast         Ice/Summ       0%         N/A       99%         3
 Summon Mana Viper        Hex/Summ       0%         N/A       100%        5
 Monstrous Menagerie      Summ           0%         N/A       100%        7


Dungeon Overview and Level Annotations

Branches:
Dungeon (4/15)
 Temple: D:4-7

Altars:
Elyvilon
Qazlal


Innate Abilities, Weirdness & Mutations

You have a pair of horns on your head.
You reflexively headbutt those who attack you in melee.


Message History

You closely miss the kobold brigand.
Your headbutt misses the kobold brigand.
The liquid fire burns you!
You feel sick. The kobold brigand closely misses you.
You hit the kobold brigand.
Your headbutt misses the kobold brigand.
The kobold brigand is lightly wounded.
The liquid fire burns you!
You feel sick. The kobold brigand closely misses you. You furiously retaliate!
You headbutt the kobold brigand!
You are too injured to fight recklessly!
You are too injured to fight recklessly!
You are too injured to fight recklessly!
You are too injured to fight recklessly!
You slash the kobold brigand! You headbutt the kobold brigand.
The kobold brigand is severely wounded.
The liquid fire burns you!
* * * LOW HITPOINT WARNING * * *
You feel sick. You block the kobold brigand's attack.
You closely miss the kobold brigand.
The kobold brigand is severely wounded.
The liquid fire burns you!
* * * LOW HITPOINT WARNING * * *
You feel sick. The kobold brigand closely misses you.
You barely miss the kobold brigand.
The kobold brigand is severely wounded.
You hit the kobold. The liquid fire burns you!
* * * LOW HITPOINT WARNING * * *
You feel sick.
You are no longer poisoned.
The kobold brigand hits you with a +0 short sword.
* * * LOW HITPOINT WARNING * * *
The kobold hits you but does no damage.
Okay, then.
You hit the kobold.
You kill the kobold!
You hit the kobold brigand. The liquid fire burns you!
You die...

.... ######.#.†.#.#
#.# #### #.....#.#
#.#
###.....########.#
#............#.#
#######
#.#####.#######.###.#
†......
........>...........#
#######
#####....######.#####
#..$........#
#.#@).#####.# #..K..#
### ## ###.....# .#
#..)..... .#
#...##### .# #.... .#
### ##.... .# #~#
.#### .# ##~##


You could see a kobold brigand.

Vanquished Creatures
  A sky beast (D:3)
  A scorpion (D:4)
  A bombardier beetle (D:4)
  An iguana (D:4)
  3 adders (D:4)
  2 ribbon worms
  3 dart slugs
  7 orcs
  7 ball pythons
  7 endoplasms
  3 giant cockroaches
  10 goblins
  11 hobgoblins
  14 jackals
  9 kobolds
  5 quokkas
  5 bats
  8 frilled lizards
  8 rats
106 creatures vanquished.

Notes
Turn   | Place    | Note
-------+----------+-------------------------------------------
     0 | D:1      | inmateoo the Minotaur Fighter began the quest for the Orb.
     0 | D:1      | Reached XP level 1. HP: 19/19 MP: 0/0
   147 | D:1      | Reached skill level 3 in Axes
   224 | D:1      | Reached XP level 2. HP: 27/27 MP: 1/1
   342 | D:1      | Reached XP level 3. HP: 33/33 MP: 2/2
   824 | D:1      | Reached skill level 4 in Axes
  1419 | D:2      | Reached XP level 4. HP: 37/41 MP: 3/3
  2094 | D:3      | Found a stormy altar of Qazlal.
  2094 | D:3      | Noticed a sky beast
  2101 | D:3      | Killed a sky beast
  2102 | D:3      | Reached skill level 5 in Fighting
  2102 | D:3      | Reached skill level 5 in Axes
  2102 | D:3      | Reached XP level 5. HP: 48/48 MP: 4/4
  2337 | D:4      | Found a white marble altar of Elyvilon.
  2342 | D:4      | Reached skill level 6 in Axes
  2366 | D:4      | Reached XP level 6. HP: 56/56 MP: 5/5
  2434 | D:4      | Identified the +0 leather armour of the Thirteen Olives
                  | {rF- rN++ Dex+5}
  2666 | D:4      | HP: 2/57 [kobold brigand/+0 short sword (4)]
  2667 | D:4      | Incinerated by a bombardier beetle

Illustrated notes

Levels and vault maps discovered:
D:1:      matt_arrival_los_fun, layout_loops_corners, minmay_misc_feat_five,
          grunt_decor_one_mirror
D:2:      layout_loops_corners, minmay_pentomino_v2
D:3:      wander_river, layout_basic, nicolae_qazlal_beasts_of_the_sky
D:4:      cheibrodos_thug_alley, layout_basic, lemuel_round_altar, sigmund_army

Skill      XL: |  1  2  3  4  5 |
---------------+----------------+-----
Axes           | 3 4 5 6 |  6.9
Fighting       | 4 5 |  5.8
Armour         | |  3.6
Shields        | |  3.6

Action                     |  1- 3 |  4- 6 || total
---------------------------+-------+-------++-------
  Melee: War axe           |    92 |    55 ||   147
         Headbutt          |     7 |    20 ||    27
         Hand axe          |       |    37 ||    37
 Armour: Scale mail        |    64 |    50 ||   114
  Dodge: Dodged            |    47 |    38 ||    85
  Block: Buckler           |    19 |    26 ||    45
